[ AOE2 MATCH · #505588825 ]
UnrankedMagyars vs Cumans
Player's team · WIN
Rival team · LOSS
[ REPLAY ANALYSIS · EXTRACTED FROM THE RECORDED GAME ]
Feudal
10:39
Castle
14:39
Imperial
—
| APM avg | 47.2 |
| APM peak | 81 |
| eAPM avg | 18.1 |
| Villagers / military | 35 / 2 |
Focus
⚔️ 27.7% · 🌾 72.3%
Magyar Huszar ×2
Feudal
8:27
Castle
—
Imperial
—
| APM avg | 54.8 |
| APM peak | 88 |
| eAPM avg | 21.7 |
| Villagers / military | 58 / 3 |
Focus
⚔️ 17.2% · 🌾 82.8%
Battering Ram ×3
Match map
Initial resources + every placement click. Lines = walls · curves = elevation contours. ◆ gold · ⬟ stone · ● berries · ✦ relic · ◌ wall gap
Your base· Open — 10t gap
msntt951753's base· Open — unwalled flank
Smoothed initial terrain · ◌ = detected wall gap · hover for details
Inputs per minute
— 亚历山大大帝我偶像#7455 - - msntt951753
Build order — 亚历山大大帝我偶像#7455
72 actions detected in the replay
| 0:00 | Queue | Villager (Male) |
| 0:01 | Queue | Villager (Male) |
| 0:01 | Queue | Villager (Male) |
| 0:02 | Build | House |
| 0:02 | Build | House |
| 0:06 | Queue | Villager (Male) |
| 0:06 | Queue | Villager (Male) |
| 1:23 | Queue | Villager (Male) |
| 1:55 | Queue | Villager (Male) |
| 1:55 | Queue | Villager (Male) |
| 2:20 | Queue | Villager (Male) |
| 2:20 | Queue | Villager (Male) |
| 2:45 | Build | Lumber Camp |
| 2:51 | Queue | Villager (Male) |
| 2:51 | Queue | Villager (Male) |
| 2:51 | Queue | Villager (Male) |
| 3:41 | Queue | Villager (Male) |
| 3:41 | Queue | Villager (Male) |
| 3:42 | Queue | Villager (Male) |
| 3:49 | Build | House |
| 4:07 | Queue | Villager (Male) |
| 4:07 | Queue | Villager (Male) |
| 4:07 | Queue | Villager (Male) |
| 4:25 | Build | Palisade Wall |
| 5:07 | Queue | Villager (Male) |
| 5:07 | Queue | Villager (Male) |
| 5:17 | Build | Mill |
| 5:32 | Queue | Villager (Male) |
| 5:48 | Build | House |
| 5:54 | Queue | Villager (Male) |
| 6:24 | Queue | Villager (Male) |
| 6:39 | Research | Loom |
| 7:07 | Queue | Villager (Male) |
| 7:34 | Build | House |
| 7:37 | Build | Palisade Wall |
| 7:49 | Build | Mining Camp |
| 7:53 | Queue | Villager (Male) |
| 8:19 | Build | Palisade Wall |
| 8:29 | Research | Feudal Age |
| 8:50 | Build | Palisade Wall |
| 8:52 | Build | Palisade Wall |
| 8:55 | Build | Palisade Wall |
| 8:57 | Build | Palisade Wall |
| 9:33 | Build | Palisade Wall |
| 9:34 | Build | Palisade Wall |
| 10:18 | Queue | Villager (Male) |
| 10:18 | Queue | Villager (Male) |
| 10:39 | Age | Feudal Age |
| 10:45 | Build | Market |
| 10:50 | Build | Blacksmith |
| 11:59 | Research | Castle Age |
| 12:32 | Build | Farm |
| 12:47 | Queue | Villager (Male) |
| 12:53 | Build | Farm |
| 13:15 | Build | Farm |
| 13:57 | Build | Lumber Camp |
| 14:39 | Age | Castle Age |
| 14:56 | Queue | Villager (Male) |
| 15:21 | Build | Castle |
| 15:36 | Build | Castle |
| 15:38 | Queue | Villager (Male) |
| 15:39 | Queue | Villager (Male) |
| 16:13 | Build | Farm |
| 16:18 | Build | Farm |
| 16:26 | Build | Farm |
| 16:55 | Queue | Magyar Huszar |
| 16:56 | Queue | Magyar Huszar |
| 16:57 | Build | Farm |
| 17:01 | Build | Farm |
| 17:17 | Queue | Villager (Male) |
| 17:53 | Queue | Villager (Male) |
| 18:07 | Queue | Villager (Male) |
Build order — msntt951753
106 actions detected in the replay
| 0:00 | Queue | Villager (Male) |
| 0:00 | Queue | Villager (Male) |
| 0:02 | Build | House |
| 0:03 | Build | House |
| 0:11 | Queue | Villager (Male) |
| 0:11 | Queue | Villager (Male) |
| 1:23 | Queue | Villager (Male) |
| 1:56 | Queue | Villager (Male) |
| 2:12 | Build | Lumber Camp |
| 2:13 | Queue | Villager (Male) |
| 2:13 | Queue | Villager (Male) |
| 2:46 | Queue | Villager (Male) |
| 3:13 | Queue | Villager (Male) |
| 3:13 | Queue | Villager (Male) |
| 3:49 | Build | House |
| 3:59 | Queue | Villager (Male) |
| 3:59 | Queue | Villager (Male) |
| 4:18 | Queue | Villager (Male) |
| 5:08 | Build | Mill |
| 5:17 | Queue | Villager (Male) |
| 5:18 | Queue | Villager (Male) |
| 5:24 | Research | Loom |
| 5:24 | Research | Loom |
| 6:17 | Research | Feudal Age |
| 6:17 | Research | Feudal Age |
| 7:01 | Queue | Villager (Male) |
| 7:58 | Build | House |
| 8:27 | Age | Feudal Age |
| 8:32 | Build | Town Center |
| 8:42 | Queue | Villager (Male) |
| 9:03 | Queue | Villager (Male) |
| 9:35 | Queue | Villager (Male) |
| 9:49 | Build | Mining Camp |
| 9:51 | Queue | Villager (Male) |
| 9:51 | Queue | Villager (Male) |
| 9:52 | Queue | Villager (Male) |
| 9:57 | Queue | Villager (Male) |
| 10:27 | Queue | Villager (Male) |
| 10:39 | Build | Mill |
| 10:48 | Build | Watch Tower |
| 10:59 | Queue | Villager (Male) |
| 10:59 | Queue | Villager (Male) |
| 11:00 | Queue | Villager (Male) |
| 11:23 | Build | House |
| 11:35 | Build | House |
| 11:52 | Build | Farm |
| 11:52 | Queue | Villager (Male) |
| 11:53 | Queue | Villager (Male) |
| 11:54 | Build | House |
| 11:59 | Queue | Villager (Male) |
| 12:09 | Queue | Villager (Male) |
| 12:09 | Queue | Villager (Male) |
| 12:16 | Build | Outpost |
| 12:29 | Build | Mining Camp |
| 12:31 | Build | Farm |
| 12:35 | Build | House |
| 12:37 | Build | House |
| 12:41 | Build | House |
| 12:45 | Queue | Villager (Male) |
| 12:45 | Queue | Villager (Male) |
| 12:56 | Build | House |
| 13:02 | Queue | Villager (Male) |
| 13:12 | Build | Outpost |
| 13:14 | Queue | Villager (Male) |
| 13:20 | Build | Blacksmith |
| 13:42 | Build | Watch Tower |
| 13:48 | Queue | Villager (Male) |
| 13:48 | Queue | Villager (Male) |
| 13:59 | Build | Outpost |
| 14:12 | Queue | Villager (Male) |
| 14:27 | Build | Siege Workshop |
| 14:33 | Queue | Villager (Male) |
| 14:33 | Queue | Villager (Male) |
| 14:36 | Build | Palisade Wall |
| 14:37 | Build | Palisade Wall |
| 14:39 | Build | Palisade Wall |
| 14:59 | Build | Watch Tower |
| 14:59 | Queue | Villager (Male) |
| 15:02 | Queue | Villager (Male) |
| 15:13 | Build | Farm |
| 15:24 | Queue | Battering Ram |
| 15:28 | Queue | Villager (Male) |
| 15:28 | Queue | Villager (Male) |
| 15:30 | Queue | Villager (Male) |
| 15:57 | Build | Palisade Wall |
| 15:57 | Build | Palisade Wall |
| 15:57 | Build | Palisade Wall |
| 15:57 | Build | Palisade Wall |
| 15:57 | Build | Palisade Wall |
| 15:58 | Build | Palisade Wall |
| 16:01 | Build | Farm |
| 16:07 | Build | Farm |
| 16:08 | Queue | Villager (Male) |
| 16:09 | Queue | Villager (Male) |
| 16:30 | Queue | Villager (Male) |
| 16:53 | Queue | Villager (Male) |
| 17:07 | Queue | Villager (Male) |
| 17:09 | Queue | Battering Ram |
| 17:09 | Queue | Battering Ram |
| 17:11 | Queue | Villager (Male) |
| 17:32 | Queue | Villager (Male) |
| 17:42 | Queue | Villager (Male) |
| 17:48 | Queue | Villager (Male) |
| 18:08 | Build | House |
| 18:12 | Queue | Villager (Male) |
| 18:12 | Queue | Villager (Male) |
Match timeline
| 4:25 | 亚历山大大帝我偶像#7455 · wall_segment Palisade Wall x1 |
| 7:37 | 亚历山大大帝我偶像#7455 · wall_segment Palisade Wall x5 |
| 8:19 | 亚历山大大帝我偶像#7455 · wall_segment Palisade Wall x6 |
| 8:27 | msntt951753 · age_up feudal |
| 8:50 | 亚历山大大帝我偶像#7455 · wall_segment Palisade Wall x1 |
| 8:52 | 亚历山大大帝我偶像#7455 · wall_segment Palisade Wall x1 |
| 8:55 | 亚历山大大帝我偶像#7455 · wall_segment Palisade Wall x1 |
| 8:57 | 亚历山大大帝我偶像#7455 · wall_segment Palisade Wall x1 |
| 9:33 | 亚历山大大帝我偶像#7455 · wall_segment Palisade Wall x1 |
| 9:34 | 亚历山大大帝我偶像#7455 · wall_segment Palisade Wall x1 |
| 10:39 | 亚历山大大帝我偶像#7455 · age_up feudal |
| 11:36 | 亚历山大大帝我偶像#7455 · first_market_sell 100 wood |
| 11:54 | 亚历山大大帝我偶像#7455 · first_market_buy 100 food |
| 14:27 | msntt951753 · first_building Siege Workshop |
| 14:36 | msntt951753 · wall_segment Palisade Wall x1 |
| 14:37 | msntt951753 · wall_segment Palisade Wall x1 |
| 14:39 | msntt951753 · wall_segment Palisade Wall x1 |
| 14:39 | 亚历山大大帝我偶像#7455 · age_up castle |
| 15:21 | 亚历山大大帝我偶像#7455 · first_building Castle |
| 15:57 | msntt951753 · wall_segment Palisade Wall x1 |
| 15:57 | msntt951753 · wall_segment Palisade Wall x2 |
| 15:57 | msntt951753 · wall_segment Palisade Wall x1 |
| 15:57 | msntt951753 · wall_segment Palisade Wall x1 |
| 15:57 | msntt951753 · wall_segment Palisade Wall x1 |
| 15:58 | msntt951753 · wall_segment Palisade Wall x1 |
| 18:20 | msntt951753 · resign |
[ AI ANALYSIS · 1 CREDIT ]
What really happened in this match?
Wolo.gg analyzes every decision: build order, eco, micro, common mistakes by bracket. Personalized analysis on WhatsApp or Discord in 30 seconds.
Civ guide
Magyars
Perfil
Jugador #25495124